 Dungeon Crawl Stone Soup version 0.25.0-9-g26727b657a (console) character file.

Game seed: 13341059179462566320

590 bli the Skirmisher (level 7, -1/58 HPs)
             Began as a Formicid Abyssal Knight on June 20, 2020.
             Was a Priest of Lugonu.
             Slain by a gnoll (6 damage)
             ... on level 5 of the Dungeon.
             The game lasted 00:18:57 (5460 turns).

bli the Skirmisher (Formicid Abyssal Knight)        Turns: 5460, Time: 00:18:58

Health: -1/58      AC:  8    Str: 17    XL:     7   Next: 66%
Magic:  8/8        EV: 12    Int: 11    God:    Lugonu [***...]
Gold:   243        SH:  5    Dex: 12    Spells: 6/6 levels left

rFire    . . .     SeeInvis +   b - +0 dagger (venom)
rCold    . . .     Gourm    .   (no shield)
rNeg     . . .     Faith    .   H - +3 leather armour {rPois}
rPois    +         Spirit   .   (helmet unavailable)
rElec    .         Reflect  +   v - +0 cloak
rCorr    .         Harm     .   (no gloves)
MR       .....                  I - +0 pair of boots
Stlth    +.........             x - amulet of reflection
HPRegen  0.19/turn              (no ring)
MPRegen  0.11/turn              (no ring)

@: no status effects
A: permanent stasis, dig shafts and tunnels, four strong arms, antennae 3
a: Dig, Shaft Self, Depart the Abyss, Bend Space, Banish, Renounce Religion


You were on level 5 of the Dungeon.
You worshipped Lugonu.
Lugonu was most pleased with you.
You were hungry.

You visited 1 branch of the dungeon, and saw 5 of its levels.
You visited the Abyss 1 time.

You collected 243 gold pieces.

Inventory:

Hand Weapons
 a - a +1 falchion
 b - a +0 dagger of venom (weapon)
 d - a +1 dagger of electrocution
 s - a +0 hunting sling
Missiles
 r - 18 sling bullets
 F - 10 boomerangs (quivered)
Armour
 p - a +0 scale mail
 u - a +0 ring mail
 v - a +0 cloak (worn)
 w - a +2 robe of the Archmagi
 A - a +0 plate armour
 H - a +3 leather armour of poison resistance (worn)
 I - a +0 pair of boots (worn)
Jewellery
 x - an amulet of reflection (around neck)
 E - a cursed amulet of inaccuracy {unknown}
Wands
 B - a wand of disintegration (10)
Scrolls
 e - 5 scrolls of remove curse {unknown}
 f - 3 scrolls of amnesia {unknown}
 k - 3 scrolls of fear {unknown}
 n - 3 scrolls of identify
 y - a scroll of enchant weapon {unknown}
 z - a scroll of immolation {unknown}
 C - 3 scrolls of teleportation {unknown}
Potions
 g - 2 potions of might
 h - 2 potions of curing
 i - a potion of heal wounds {unknown}
 l - 2 potions of stabbing
 m - a potion of flight {unknown}
 o - 2 potions of haste
 q - a potion of ambrosia {unknown}
 t - a potion of degeneration {unknown}
 D - a potion of invisibility {unknown}
 G - a potion of brilliance
Comestibles
 c - 8 rations
 J - a chunk of flesh


   Skills:
 * Level 6.0 Fighting
 + Level 5.1 Long Blades
 + Level 3.3 Armour
 + Level 2.5 Dodging
 + Level 1.1 Stealth
 + Level 2.1 Invocations


You had 6 spell levels left.
You didn't know any spells.
Your spell library contained the following spells:

 Spells                   Type           Power        Failure   Level  Hunger
 Magic Dart               Conj           #...         38%         1    ##.....
 Searing Ray              Conj           #.....       54%         2    ###....
 Dazzling Flash           Conj/Hex       #.....       77%         3    ####...
 Fulminant Prism          Conj/Hex       #.........   99%         4    #####..
 Iskenderun's Mystic Bla  Conj/Tloc      #.......     99%         4    #####..


Dungeon Overview and Level Annotations

Branches:
Dungeon (5/15)
 Temple: D:4-7

Altars:
Cheibriados
Kikubaaqudgha
Nemelex Xobeh
Xom
Zin
The Shining One


Innate Abilities, Weirdness & Mutations

You cannot be hasted, slowed, berserked, paralysed or teleported.
You can dig through walls and to a lower floor.
Your four strong arms can wield two-handed weapons with a shield.
You have a pair of large antennae on your head. (SInv)


Message History

The gnoll hits you!
* * * LOW HITPOINT WARNING * * *
The gnoll hits you but does no damage.
You closely miss the gnoll.
The gnoll is moderately wounded.
The gnoll hits you!
* * * LOW HITPOINT WARNING * * *
Your +0 dagger of venom begins to drip with poison!
b - a +0 dagger of venom (weapon)
You hit the gnoll but do no damage.
The gnoll is poisoned.
The gnoll is moderately wounded.
The gnoll hits you but does no damage.
You barely miss the gnoll.
The gnoll is moderately wounded.
The gnoll closely misses you.
You see here 30 bolts.
You closely miss the gnoll.
The gnoll is heavily wounded.
The gnoll hits you.
You die...

.#
#.##.######..#
.#
#.##..)()....#
.#
#.#.########.###
.#.....# ##...##
.#.....# #..##.#
.......# #...#.#
##...... #.#.#.#
#...... ##[(>#
###.#(. ##.##
#.##.# #g# #@#
#.# ..# ####


You could see a gnoll (poisoned).

Vanquished Creatures
  An ice beast (D:5)
  A phantom (D:4)
  2 jellies (D:4)
  A gnoll shaman (D:3)
  Jessica (D:2)
  An orc wizard (D:3)
  2 worker ants
  7 gnolls
  5 adders
  An adder skeleton (D:4)
  3 worms
  3 leopard geckos
  10 orcs
  4 bats
  A giant cockroach (D:1)
  10 goblins
  7 hobgoblins
  2 iguanas (D:4)
  6 kobolds
  2 quokkas
  A ball python (D:3)
  3 frilled lizards
  8 rats
82 creatures vanquished.

Notes
Turn   | Place    | Note
-------+----------+-------------------------------------------
     0 | Abyss:1  | bli the Formicid Abyssal Knight began the quest for the
                  | Orb.
     0 | Abyss:1  | Reached XP level 1. HP: 18/18 MP: 2/2
   137 | Abyss:1  | Noticed an ancient lich
   147 | D:1      | Escaped the Abyss
   235 | D:1      | Reached * piety under Lugonu
   278 | D:1      | Reached XP level 2. HP: 24/25 MP: 3/3
   884 | D:1      | Reached skill level 4 in Fighting
   954 | D:1      | Reached XP level 3. HP: 17/30 MP: 4/4
  1205 | D:2      | Reached skill level 1 in Dodging
  1471 | D:2      | Found a sparkling altar of Nemelex Xobeh.
  1520 | D:2      | Found an ancient bone altar of Kikubaaqudgha.
  1808 | D:2      | Reached XP level 4. HP: 32/37 MP: 5/5
  1835 | D:2      | Noticed an angel
  1836 | D:2      | Found a shimmering altar of Xom.
  1837 | D:2      | Found a glowing silver altar of Zin.
  2001 | D:2      | Noticed Jessica
  2008 | D:2      | Killed Jessica
  2291 | D:3      | Reached ** piety under Lugonu
  2398 | D:3      | Reached XP level 5. HP: 43/43 MP: 6/6
  3568 | D:4      | Reached skill level 5 in Fighting
  3568 | D:4      | Reached XP level 6. HP: 51/51 MP: 7/7
  3982 | D:4      | Found a glowing golden altar of the Shining One.
  3983 | D:4      | Found a snail-covered altar of Cheibriados.
  4074 | D:4      | Noticed a phantom
  4125 | D:4      | Killed a phantom
  4125 | D:4      | Reached skill level 1 in Stealth
  4125 | D:4      | Reached XP level 7. HP: 15/57 MP: 8/8
  4397 | D:4      | Found a shimmering altar of Xom.
  5109 | D:5      | Entered Level 5 of the Dungeon
  5196 | D:4      | Reached skill level 6 in Fighting
  5413 | D:5      | Reached skill level 5 in Long Blades
  5435 | D:5      | Reached *** piety under Lugonu
  5460 | D:5      | Slain by a gnoll

Illustrated notes

Levels and vault maps discovered:
D:1:      scummos_arrival_checkerplants, layout_basic
D:2:      layout_basic, grunt_temple_overflow_order_and_chaos_1,
          overflow_temple_1_default, kiku_gazebo_pond_becter, uniq_jessica
D:3:      layout_basic
D:4:      layout_rooms, gammafunk_temple_overflow_statue, first_ration,
          hangedman_decor_clover_reticule, dk_xom_monty_hall
D:5:      layout_loops_ring, basic_altar, nemelex_lonely_heart_becter

Skill      XL: |  1  2  3  4  5  6  7 |
---------------+----------------------+-----
Fighting       | 4 5 6 |  6.0
Dodging        | 1 2 |  2.5
Long Blades    | 3 4 5 |  5.1
Stealth        | 1 |  1.1
Armour         | 3 |  3.3
Invocations    | |  2.1

Action                   |  1- 3 |  4- 6 |  7- 9 || total
-------------------------+-------+-------+-------++-------
Melee: Falchion          |    98 |   177 |    60 ||   335
       Dagger            |       |       |     5 ||     5
Throw: Dart              |       |     6 |     9 ||    15
       Boomerang         |       |     4 |     5 ||     9
Invok: Depart the Abyss  |     1 |       |       ||     1
 Abil: Dig               |     2 |       |     1 ||     3
Evoke: Wand              |       |       |     2 ||     2
  Use: Potion            |     2 |     1 |       ||     3
       Scroll            |       |     1 |     1 ||     2
  Eat: Chunk             |     3 |     7 |     1 ||    11
       Ration            |       |       |     1 ||     1
Armor: Leather armour    |    21 |    13 |    14 ||    48
       Robe              |       |    16 |       ||    16
Dodge: Dodged            |    69 |    85 |    31 ||   185
Block: Other             |       |    40 |    10 ||    50
       Reflection        |       |     2 |       ||     2
       Rpst.: Falchion   |    23 |    31 |     9 ||    63
